ProzacElf, chaotic male orcish Barbarian ------- ----------- |...... |..^.`|.... |.---.| ---.---.|.|.------- |%|...| |.... |...|.......| -.|%--| ---.---------------.| ..|..[| |...|...|...........| -------------.| ------- -------.---.|.|%---------.| .(.....^. |...| |.....| |.......|...|...| -.-----.--|.--- |.---.| |.-------.------- |...|.| |.|`..| |.. |...| .----..%| |.|.-- |.----|.--- 1|.......| |*|.| |.|...|...| |.-....[| -----.|.| |.|.|.---.| |+. |.|.| |.....|.| |.| |.....| |.| |.-----.----|.-----.| ----- |.| |.......| |...%..<| --- --------- --------- ProzacElf the Raider Experience level: 14 Strength: 18/38 Dexterity: 18 Constitution: 18 Intelligence: 8 Wisdom: 14 Charisma: 6 Health: 130(130) Energy: 28(28) Def: 23 Gold: 0 Moves: 41323 Dungeon seed: cdRTSD7kYI9HIS_T Game ID: ProzacElf_1448238089 Your Inventory: Amulets w - an uncursed amulet of reflection (being worn) Weapons a - the blessed rustproof +1 Stormbringer t - 3 +0 daggers (in quiver) Armor n - an uncursed +0 helm of telepathy q - an uncursed +0 pair of speed boots (being worn) r - an uncursed +1 pair of leather gloves (being worn) u - a blessed greased +2 gray dragon scale mail (being worn) y - a blessed +4 dwarvish iron helm (being worn) O - an uncursed +0 elven cloak (being worn) U - an uncursed +0 elven shield (being worn) V - an uncursed +0 pair of jumping boots Comestibles v - 2 uncursed fortune cookies H - an uncursed cockatrice corpse (weapon in hand) Scrolls B - 5 uncursed scrolls of teleportation Potions m - an uncursed potion of restore ability o - a blessed potion of object detection z - 2 uncursed potions of monster detection C - a blessed potion of full healing G - an uncursed potion of see invisible R - 2 uncursed potions of object detection S - a blessed potion of extra healing Rings k - an uncursed ring of free action (on left hand) N - an uncursed ring of warning (on right hand) T - an uncursed ring of fire resistance Wands f - a wand of digging (0:0) h - a wand of lightning (0:5) j - a wand of magic missile (0:0) l - a wand of light (0:13) p - a blessed wand of polymorph (0:2) x - a wand of cancellation (0:4) A - a wand of sleep (0:7) I - a wand of teleportation (0:3) J - a wand of magic missile (0:2) X - a wand of striking (0:3) Tools b - a +0 unicorn horn d - an uncursed skeleton key e - a magic flute (0:6) g - an uncursed stethoscope i - an uncursed magic whistle D - the Bell of Opening (0:3) E - an uncursed towel K - a blessed oil lamp (0:1441) Y - a blessed bag of holding Gems F - the blessed Heart of Ahriman Contents of the bag of holding: 13573 gold pieces a cursed amulet of life saving an uncursed amulet of unchanging a +1 battle-axe an uncursed +0 cloak of magic resistance 2 uncursed apples an uncursed carrot an uncursed food ration 2 uncursed lizard corpses an uncursed tin of floating eye meat an uncursed tin of tengu meat an uncursed tripe ration a blessed scroll of charging 2 blessed scrolls of confuse monster an uncursed scroll of confuse monster 2 uncursed scrolls of create monster an uncursed scroll of destroy armor 2 cursed scrolls of enchant armor a cursed scroll of identify 3 uncursed scrolls of magic mapping a blessed scroll of teleportation a blessed potion of booze an uncursed potion of extra healing an uncursed potion of fruit juice 2 uncursed potions of full healing a cursed potion of gain energy 3 uncursed potions of healing a cursed potion of healing 2 potions of holy water an uncursed potion of invisibility 4 uncursed potions of object detection an uncursed potion of speed a potion of unholy water a blessed +2 ring of increase accuracy a cursed ring of protection from shape changers a cursed ring of sustain ability a wand of create monster (0:13) a wand of create monster (0:11) a wand of digging (0:7) a wand of digging (0:6) a wand of digging (0:6) a wand of magic missile (0:6) a wand of polymorph (0:0) a wand of secret door detection (0:12) a wand of teleportation (0:7) a wand of teleportation (0:5) a tinning kit (0:18) a +0 unicorn horn Spells and supernatural/magical abilities: Name Level Category Fail Memory W - pray for help -- divine ? -- Your skills at the end: Fighting Skills bare handed combat [Basic] Weapon Skills dagger [Basic] axe [Expert] short sword [Basic] broadsword [Skilled] Spellcasting Skills Final Attributes: You were the Glory of Arioch. You were piously aligned. You were fire resistant. You were cold resistant. You were sleep resistant. You were shock resistant. You were poison resistant. You were magic-protected. You saw invisible. You were telepathic. You were warned. You had infravision. You were stealthy. You were very fast. You had reflection. You had free action. You were extremely lucky. You had extra luck. Good luck did not time out for you. You are dead. Vanquished creatures: Medusa a titan Thoth Amon 2 purple worms a minotaur 4 stone golems a titanothere a trapper 4 vampire lords 2 liches 2 Aleaxes an ettin 2 black puddings 5 vampires 14 ghosts a queen bee a winged gargoyle a mind flayer 3 giant mimics a zruty 3 ogre kings 2 ice trolls 25 rock trolls 4 umber hulks 3 Elvenkings a doppelganger a large mimic a long worm 4 couatls 4 stalkers 3 fire elementals 3 earth elementals 2 water elementals a giant mummy a black naga 2 xorns 2 giant zombies 4 elf-lords 3 small mimics 2 glass piercers 2 warhorses a steam vortex 6 xans 5 ogre lords 2 quantum mechanics 16 trolls a wood golem an erinys a shark 2 electric eels 6 gelatinous cubes a pyrolisk 3 freezing spheres a flaming sphere 3 shocking spheres a large cat a tiger 2 gargoyles a dwarf king 4 tengu 3 ochre jellies 2 leocrottas a mountain centaur 7 stone giants 3 elf mummies 2 human mummies a pit viper 3 pythons 5 cobras 23 wraiths 2 carnivorous apes 9 ettin zombies 6 Grey-elves 2 soldiers 2 succubi 2 chameleons 5 giant beetles 6 quivering blobs 5 cockatrices 11 wolves a winter wolf cub a panther 16 gremlins 3 spotted jellies 26 leprechauns an orc-captain 5 iron piercers a mumak 5 giant spiders 6 scorpions a horse a black light 9 gnome kings 5 orc mummies 4 dwarf mummies 83 ogres 3 brown puddings 4 owlbears 5 yetis a gold golem a werewolf 3 Green-elves 3 giant eels 6 lizards 4 chieftains 4 chickatrices 4 dogs 2 dingos 3 housecats 3 jaguars 5 dwarf lords 5 blue jellies 3 white unicorns 2 gray unicorns 4 dust vortices a raven 4 plains centaurs a gnome mummy 4 snakes a water moccasin 6 apes 10 human zombies 2 rope golems 3 Woodland-elves 7 soldier ants 2 fire ants 20 bugbears an imp a quasit 9 wood nymphs 5 water nymphs 3 mountain nymphs 4 Mordor orcs 4 Uruk-hai an orc shaman 5 rock piercers 5 rock moles 4 ponies 3 fog clouds 9 yellow lights a shrieker 7 violet fungi 26 gnome lords 11 gnomish wizards 2 kobold mummies a black naga hatchling a golden naga hatchling 2 gray oozes 2 barrow wights 17 elf zombies 4 ghouls 3 straw golems a paper golem 2 jellyfish 2 baby crocodiles 7 giant ants 5 little dogs 12 floating eyes 5 kittens 20 dwarves 3 homunculi 2 kobold lords 5 kobold shamans 19 hill orcs 13 rothes 4 rabid rats 3 centipedes 6 giant bats 3 monkeys 7 orc zombies 8 dwarf zombies 3 wererats 2 werejackals 3 iguanas 59 killer bees 3 acid blobs 8 coyotes 7 gas spores 10 hobbits 27 manes 5 large kobolds 22 hobgoblins 6 cave spiders a brown mold 6 yellow molds 2 green molds 3 red molds 67 gnomes 25 garter snakes 8 gnome zombies 13 geckos 18 jackals 9 foxes 8 kobolds 4 goblins 7 sewer rats 19 grid bugs 4 bats 11 lichens 17 kobold zombies 17 newts 1226 creatures vanquished. Genocided or extinct species: master mind flayers ogres (extinct) 1 species genocided. 1 species extinct. Voluntary challenges: You had followed a strict vegan diet until turn 1840. You had followed a strict vegetarian diet until turn 1840. You had been an atheist until turn 4569. You used a wielded weapon 2069 times, starting on turn 4. You read items or engraved 41 times, starting on turn 2046. You genocided 1 type of monster, starting on turn 22605. You polymorphed 20 items, starting on turn 39484. You never changed form. You used 1 wish, starting on turn 19750. You did not wish for any artifacts. You split 2 puddings, starting on turn 15829. You wrote Elbereth's name 3 times, starting on turn 19457. You violated your moral code, losing 707 points of alignment, starting on turn 14848. Dungeon overview: The Dungeons of Doom: levels 1 to 25 Level 1 a fountain a long staircase Level 2 some fountains stairs to The Gnomish Mines Level 3 a fountain Level 4 Level 5 many fountains Level 6 a fountain stairs to Sokoban Level 7 an altar to Set, a fountain Level 8 an altar to Set, a sink Level 9 a fountain Level 10 many fountains Level 11 some fountains, a throne Level 12 an armor shop, a fountain portal to The Quest Level 13 a fountain Level 14 a fountain, a sink Level 15 some fountains Level 16 Level 17 Level 18 a fountain Level 19 Level 20 a temple to Set, a fountain Level 21 an altar to Crom, some fountains Level 22 Level 23 Level 24 Level 25 <- You were here The Gnomish Mines: levels 3 to 10 Level 3 stairs to The Dungeons of Doom Level 4 Level 5 many shops, a temple to Mitra, some fountains Level 6 Level 7 Level 8 Level 9 Level 10 a fountain The Quest: levels 1 to 5 Level 1 portal to The Dungeons of Doom Level 2 Level 3 Level 4 Level 5 an altar to Crom Sokoban: levels 2 to 5 Level 2 Level 3 Level 4 Level 5 stairs to The Dungeons of Doom History has recorded: On T:1 you entered the Dungeons of Doom to retrieve the Amulet of Yendor! On T:392 you reached level 2 of The Dungeons of Doom. On T:534 you advanced to experience level 2. On T:795 you reached level 3 of The Dungeons of Doom. On T:1165 you reached level 4 of The Dungeons of Doom. On T:1167 you advanced to experience level 3. On T:1833 you advanced to experience level 4. On T:1957 you reached level 5 of The Dungeons of Doom. On T:2461 you advanced to experience level 5. On T:2710 you reached level 1 of The Gnomish Mines. On T:3115 you reached level 2 of The Gnomish Mines. On T:3120 you advanced to experience level 6. On T:4288 you reached level 3 of The Gnomish Mines. On T:4486 you advanced to experience level 7. On T:5474 you reached level 4 of The Gnomish Mines. On T:6048 you reached level 5 of The Gnomish Mines. On T:6078 you advanced to experience level 8. On T:6161 you reached level 7 of The Gnomish Mines. On T:6600 you reached level 6 of The Gnomish Mines. On T:7382 you advanced to experience level 9. On T:8272 you reached level 8 of The Gnomish Mines. On T:10931 you advanced to experience level 8. On T:11935 you received advice from The Oracle. On T:11960 you reached level 6 of The Dungeons of Doom. On T:12704 you reached level 4 of Sokoban. On T:13904 you reached level 3 of Sokoban. On T:16016 you reached level 2 of Sokoban. On T:16591 you reached level 1 of Sokoban. On T:16826 you advanced to experience level 9. On T:18462 you reached level 7 of The Dungeons of Doom. On T:18958 you reached level 8 of The Dungeons of Doom. On T:19525 you reached level 9 of The Dungeons of Doom. On T:19750 you wished for "blessed greased fixed +2 gray dragon scale mail". On T:21589 you reached level 10 of The Dungeons of Doom. On T:22067 you reached level 11 of The Dungeons of Doom. On T:22993 you reached level 12 of The Dungeons of Doom. On T:23047 you reached level 1 of The Quest. On T:23064 you advanced to experience level 10. On T:23823 you reached level 13 of The Dungeons of Doom. On T:24431 you reached level 14 of The Dungeons of Doom. On T:24784 you reached level 15 of The Dungeons of Doom. On T:24932 you advanced to experience level 11. On T:25183 you advanced to experience level 12. On T:26462 you reached level 16 of The Dungeons of Doom. On T:27809 you reached level 17 of The Dungeons of Doom. On T:28068 you advanced to experience level 13. On T:29464 you were chosen to steal souls for your god's glory! On T:29849 you reached level 18 of The Dungeons of Doom. On T:30229 you reached level 19 of The Dungeons of Doom. On T:31534 you reached level 20 of The Dungeons of Doom. On T:31920 you reached level 21 of The Dungeons of Doom. On T:32208 you advanced to experience level 14. On T:32833 you embarked upon an epic quest. On T:33046 you reached level 2 of The Quest. On T:33910 you reached level 3 of The Quest. On T:34411 you reached level 4 of The Quest. On T:35123 you reached level 5 of The Quest. On T:35601 you killed Thoth Amon on level 4 of The Quest. On T:36324 you completed the quest! On T:37823 you reached level 22 of The Dungeons of Doom. On T:40794 you killed Medusa on level 22 of The Dungeons of Doom. On T:40865 you reached level 23 of The Dungeons of Doom. On T:41125 you reached level 24 of The Dungeons of Doom. On T:41323 you reached level 25 of The Dungeons of Doom. Score breakdown: Gold: 13573 (14058 points) Experience: 14 levels (20086 points) Exploration: 25 levels ( 50.00%) (20995 points) Discoveries: 39 items ( 15.85%) (11944 points) Valuables value: (no points given unless you survive) Artifact value: 15500 (14254 points) Variety of kills: 201 monsters ( 52.76%) (21789 points) Turncount: 41323 turns (-4474 points) Survival: died (score multiplied by 80%) Total score: 78921 Latest messages: M - a cursed ring of aggravate monster. P - a cursed -3 ring of protection. T - a wand of teleportation (0:5). U - an uncursed +0 elven shield. V - an uncursed +0 pair of elven boots. W - a blessed potion of booze. Z - an uncursed tin of iguana meat. You dig a hole through the floor. You fall through... Falling, you touch the cockatrice corpse. You turn to stone... Final status: Goodbye ProzacElf the Barbarian, petrified by falling through a hole while wielding a cockatrice corpse... You turned to stone in The Dungeons of Doom on dungeon level 25 with 78921 points, and 13573 pieces of gold, after 41323 moves. You were level 14 with a maximum of 130 hit points when you turned to stone.